 Dungeon Crawl Stone Soup version 0.22-a0-247-gbddf880757 (webtiles) character file.

47959 NooBeakApe the Slicer (level 14, -2/88 HPs)
             Began as a Gargoyle Skald on Feb 27, 2018.
             Was the Champion of Okawaru.
             Killed from afar by a fire dragon (10 damage)
             ... with a blast of flame
             ... on level 6 of the Lair of Beasts.
             The game lasted 01:32:43 (27832 turns).

NooBeakApe the Slicer (Gargoyle Skald)             Turns: 27832, Time: 01:32:44

Health: -2/88      AC: 23    Str: 17    XL:     14   Next: 44%
Magic:  13/19      EV:  9    Int: 22    God:    Okawaru [******]
Gold:   1430       SH: 15    Dex: 13    Spells: 0/17 levels left

rFire    + + +     SeeInvis .   l - +2 short sword (venom)
rCold    x . .     Gourm    .   f - +0 large shield
rNeg     + . .     Faith    +   O - +0 steam dragon scales
rPois    ∞         Spirit   .   W - +2 hat {MR+}
rElec    +         Reflect  .   R - scarf {rC+ rF+}
rCorr    .         Harm     .   L - +2 pair of gloves
MR       ++...                  (no boots)
Stlth    +.........             C - amulet of faith
HPRegen  1.24/turn              P - ring of fire
MPRegen  0.16/turn              M - ring of fire

@: brilliant, shrouded, flying, very slightly contaminated, regenerating
A: big wings, clever 1, negative energy resistance 1, electricity resistance,
strong 1, unbreathing, petrification resistance, rot immunity, AC +10
a: Stop Flying, Heroism, Finesse, Renounce Religion


You were on level 6 of the Lair of Beasts.
You worshipped Okawaru.
Okawaru was exalted by your worship.
You were not hungry.

You visited 2 branches of the dungeon, and saw 16 of its levels.
You also visited: Sewer and Volcano.

You collected 1430 gold pieces.

Inventory:

Hand Weapons
 a - the +1 rapier of Equilibrium {drain, rN+ Str-2 Dex+2}
   (Okawaru gifted it to you on level 10 of the Dungeon)

   A truly terrible weapon, it drains the life of those it strikes.
   It affects your strength (-2).
   It affects your dexterity (+2).
   It protects you from negative energy.
 l - a +2 short sword of venom (weapon)
 p - the +6 broad axe of Utexom {flame, rElec rC+}
   (Okawaru gifted it to you in a volcano)

   It has been specially enchanted to burn those struck by it, causing extra
   injury to most foes and up to half again as much damage against particularly
   susceptible opponents.
   Big, fiery blades are also staple armaments of hydra-hunters.
   It protects you from cold.
   It insulates you from electricity.
 J - a +0 rapier
Missiles
 D - 8 steel javelins (quivered)
Armour
 f - a +0 large shield (worn)
 i - the +0 cloak "Tan Juff" {MR+}
   (Okawaru gifted it to you on level 5 of the Lair of Beasts)

   It affects your resistance to hostile enchantments.
 u - a +4 plate armour
 L - a +2 pair of gloves (worn)
 O - +0 steam dragon scales (worn)
 R - a scarf of resistance (worn)
 W - a +2 hat of magic resistance (worn)
Jewellery
 m - an uncursed ring of protection from cold
 C - an amulet of faith (around neck)
 M - a ring of fire (right hand)
 P - a ring of fire (left hand)
 T - an uncursed ring of resist corrosion
Wands
 b - a wand of disintegration (9)
 k - a wand of paralysis (22)
 w - a wand of enslavement (14)
 y - a wand of digging (11)
 E - a wand of random effects (11)
 F - a wand of flame (49)
 H - a wand of iceblast (5)
 K - a wand of acid (6)
Scrolls
 d - 3 scrolls of fear
 e - 10 scrolls of teleportation
 g - 6 scrolls of remove curse
 j - 4 scrolls of immolation {unknown}
 n - 3 scrolls of magic mapping
 o - 4 scrolls of enchant armour
 s - 4 scrolls of fog
 t - 3 scrolls of blinking {unknown}
 x - a scroll of summoning
 G - 4 scrolls of amnesia
 Q - 2 scrolls of vulnerability {unknown}
Potions
 h - a potion of curing
 q - 3 potions of brilliance
 r - 5 potions of magic
 z - a potion of haste
 B - 4 potions of flight
 I - 3 potions of invisibility
 S - a potion of resistance
Miscellaneous
 N - a sack of spiders
Comestibles
 c - 29 rations


   Skills:
 - Level 10.0 Fighting
 * Level 14.3 Short Blades
 + Level 9.5 Armour
 - Level 2.0 Dodging
 - Level 7.0 Shields
 - Level 2.0 Spellcasting
 + Level 10.9 Charms
 + Level 7.2 Invocations


You couldn't memorise any spells.
You knew the following spells:

 Your Spells              Type           Power        Failure   Level  Hunger
a - Song of Slaying       Chrm           ######..     1%          2    ##.....
b - Ring of Flames        Chrm/Fire      ######....   100%        7    #######
c - Shroud of Golubria    Chrm/Tloc      #####.....   2%          2    ##.....
d - Regeneration          Chrm/Necr      #####.....   5%          3    ###....
e - Spectral Weapon       Hex/Chrm       #####...     5%          3    ###....


Dungeon Overview and Level Annotations

Branches:
Dungeon (10/15)            Temple (0/1) D:5            Lair (6/6) D:10
  Swamp (0/4) Lair:4        Snake (0/4) Lair:2        Slime (0/5) Lair:5
    Orc (0/2) D:10

Altars:
Hepliaklqana
Kikubaaqudgha
Makhleb
Okawaru
Qazlal
Ru
Uskayaw
Wu Jian
Xom
Yredelemnul
Zin
Jiyva

Shops:
D:4 (

Annotations:
Lair:1 exclusion: oklob plant


Innate Abilities, Weirdness & Mutations

You are resistant to torment.
Your stone body is resilient. (AC +10)
You are immune to poison.
Your large and strong wings let you fly indefinitely.
You resist negative energy. (rN+)
You are resistant to electric shocks. (rElec)
You can survive without breathing.
You are immune to petrification.
You are immune to rotting.
Your mind is acute. (Int +2)
Your muscles are strong. (Str +2)


Message History

The blast of flame hits you! You resist.
* * * LOW HITPOINT WARNING * * *
The fire dragon breathes flames at you. The blast of flame hits you!
You resist.
* * * LOW HITPOINT WARNING * * *
Evoke which item? (* to show all) (? for menu, Esc to quit)
Aiming: Disintegrate
Press: ? - help, Shift-Dir - straight line, f - fire dragon
Aim: a fire dragon (moderately wounded, poisoned, catching its breath, chance to defeat MR: 30%)
Okay, then.
Evoke which item? (* to show all) (? for menu, Esc to quit)
Aiming: Iceblast
Press: ? - help, Shift-Dir - straight line, f - fire dragon
Aim: a fire dragon (moderately wounded, poisoned, catching its breath)
The mass of ice explodes!
The iceblast engulfs the fire dragon.
The fire dragon is frozen!
The fire dragon is severely wounded.
The fire dragon breathes flames at you. The blast of flame hits you!
You resist.
You die...

##.#.......##.....####..
#.#........#)...###.....
##.........##.###..)#..#
#...........###....##.##
#.................##[.#.
#####..........P.....##..##.
#.##................##...#..
#.P................##...##..
###..P.......@..#..###....#...
#..............#...##....##...
##...................P...#.P.#
#........D.....###....PP##....
##..............####P..#####.#.
###................####..# ##.#
#...................# #### ###
.#.................##
....................##


You could see a fire dragon.

Vanquished Creatures
  Rupert (Lair:4)
  3 hydras
  A two-headed ogre (D:10)
  5 death yaks (Lair:5)
  A hell knight (Volcano)
  A fire crab (Lair:4)
  A salamander mystic (Volcano)
  2 wolf spiders (Lair:6)
  4 salamanders (Volcano)
  8 elephants
  A cyclops (D:9)
  Joseph (D:9)
  6 black mambas
  A guardian serpent (Lair:6)
  2 molten gargoyles (Volcano)
  17 spiny frogs
  7 komodo dragons
  3 rime drakes
  2 polar bears
  14 blink frogs
  2 hornets (Lair:6)
  4 hippogriffs
  12 wyverns
  21 yaks
  The ghost of Mandevil the Skirmisher, an amateur CeNe (D:4)
  2 fire bats (Volcano)
  2 basilisks
  2 steam dragons (Lair:6)
  8 nagas
  23 water moccasins
  3 orc warriors
  9 porcupines
  5 black bears
  3 phantoms
  6 sky beasts
  4 ice beasts
  2 swamp drakes (Lair:6)
  17 wolves
  2 ogres
  18 crocodiles
  8 centaurs
  2 big kobolds
  An elf zombie (D:8)
  5 bullfrogs
  2 wyvern skeletons
  6 scorpions
  7 wights
  An electric eel (Lair:4)
  2 centaur zombies (D:8)
  4 crimson imps
  7 lava snakes (Volcano)
  4 hounds
  A quasit (D:10)
  2 bullfrog zombies
  3 human zombies (D:8)
  3 jellies
  7 orc wizards
  2 orc priests
  A bullfrog skeleton (D:7)
  2 human skeletons (D:8)
  5 worker ants
  4 iguanas
  An ogre zombie (D:8)
  2 hound skeletons (D:9)
  3 mummies (D:8)
  A howler monkey zombie (D:5)
  A worker ant zombie (D:9)
  Robin (D:4)
  A howler monkey skeleton (D:8)
  16 adders
  4 gnolls
  8 river rats
  A shadow imp (D:8)
  3 oozes
  2 adder zombies
  4 worms
  2 dart slugs
  5 leopard geckos
  21 orcs
  11 ball pythons
  8 giant cockroaches
  14 goblins
  12 hobgoblins
  15 jackals
  2 quokkas
  9 bats
  8 frilled lizards
  A jackal skeleton (D:8)
  A jackal zombie (D:8)
  12 kobolds
  A leopard gecko zombie (D:5)
  34 rats
510 creatures vanquished.

Vanquished Creatures (others)
  A basilisk (Lair:6)
  40 fungi
  42 plants
  A spectral weapon (D:6)
84 creatures vanquished.

Grand Total: 594 creatures vanquished

Notes
Turn   | Place    | Note
-------+----------+-------------------------------------------
     0 | D:1      | NooBeakApe the Gargoyle Skald began the quest for the Orb.
     0 | D:1      | Reached XP level 1. HP: 12/12 MP: 3/3
   158 | D:1      | Reached XP level 2. HP: 4/17 MP: 5/5
   436 | D:1      | Reached skill level 2 in Short Blades
   650 | D:1      | Reached XP level 3. HP: 17/21 MP: 6/6
   919 | D:1      | Learned a level 2 spell: Song of Slaying
   922 | D:1      | Learned a level 2 spell: Shroud of Golubria
  1280 | D:2      | Found a hide-covered altar of Uskayaw.
  1280 | D:2      | Noticed a dagger
  1281 | D:2      | Noticed an enchanted dagger
  1308 | D:2      | Reached XP level 4. HP: 21/27 MP: 7/7
  1554 | D:2      | Found a stormy altar of Qazlal.
  1911 | D:2      | Found a faded altar of an unknown god.
  1923 | D:2      | Became a worshipper of Warmaster Okawaru
  1923 | D:2      | Reached * piety under Okawaru
  1950 | D:2      | Noticed a phantom
  2058 | D:2      | Killed a phantom
  2058 | D:2      | Reached skill level 3 in Short Blades
  2058 | D:2      | Reached XP level 5. HP: 16/32 MP: 4/8
  2441 | D:3      | Found a burning altar of Makhleb.
  2465 | D:3      | Reached XP level 6. HP: 24/37 MP: 9/9
  2561 | D:3      | Learned a level 3 spell: Regeneration
  2808 | D:4      | Found an ornate altar of the Wu Jian Council.
  2894 | D:4      | Noticed Robin
  2950 | D:4      | Killed Robin
  3216 | D:4      | Noticed an angel
  3220 | D:4      | Found a glowing silver altar of Zin.
  3331 | D:4      | Found Extot's Antique Weapon Emporium.
  3807 | D:4      | Noticed Mandevil's ghost (amateur CeNe)
  3825 | D:4      | Killed Mandevil's ghost
  3825 | D:4      | Reached skill level 4 in Short Blades
  3825 | D:4      | Reached skill level 1 in Shields
  3825 | D:4      | Reached skill level 1 in Invocations
  3853 | D:5      | Entered Level 5 of the Dungeon
  3858 | D:5      | Reached XP level 7. HP: 33/41 MP: 10/10
  4049 | D:5      | Found an ancient bone altar of Kikubaaqudgha.
  4082 | D:5      | Found a staircase to the Ecumenical Temple.
  4095 | D:5      | Found a glowing drain.
  4177 | Sewer    | Entered a sewer
  5666 | Sewer    | Reached skill level 5 in Short Blades
  5670 | Sewer    | Reached XP level 8. HP: 44/46 MP: 11/11
  5966 | D:5      | Learned a level 3 spell: Spectral Weapon
  6295 | D:5      | Reached skill level 5 in Charms
  6644 | D:5      | Reached ** piety under Okawaru
  6644 | D:5      | Reached skill level 6 in Short Blades
  7644 | D:5      | Reached XP level 9. HP: 12/52 MP: 8/12
  8696 | D:7      | Reached skill level 7 in Short Blades
  8922 | D:8      | HP: 2/52 [orc warrior/trident (15)]
  9247 | D:7      | Reached skill level 5 in Armour
  9449 | D:7      | Reached *** piety under Okawaru
  9759 | D:7      | Found a shimmering altar of Xom.
 10670 | D:8      | Reached skill level 5 in Fighting
 10759 | D:8      | Reached skill level 8 in Short Blades
 11079 | D:8      | Reached XP level 10. HP: 47/59 MP: 13/13
 11164 | D:8      | Reached **** piety under Okawaru
 12227 | D:8      | Found a basalt altar of Yredelemnul.
 12583 | D:9      | Reached skill level 5 in Invocations
 12656 | D:9      | Found a sacrificial altar of Ru.
 12659 | D:9      | Noticed Joseph
 12661 | D:9      | Noticed a cyclops
 12686 | D:9      | Killed Joseph
 12686 | D:9      | Reached skill level 9 in Short Blades
 12692 | D:9      | Killed a cyclops
 12856 | D:9      | Reached ***** piety under Okawaru
 13088 | D:10     | Entered Level 10 of the Dungeon
 13940 | D:9      | Reached XP level 11. HP: 23/64 MP: 14/14
 14197 | D:10     | Received a gift from Okawaru
 14366 | D:10     | Reached skill level 10 in Short Blades
 14413 | D:10     | Found a staircase to the Lair.
 14523 | D:10     | Noticed a two-headed ogre
 14584 | D:10     | Killed a two-headed ogre
 14584 | D:10     | Received a gift from Okawaru
 14591 | D:10     | Got a steaming rapier {god gift}
 14592 | D:10     | Identified the +1 rapier of Equilibrium {drain, rN+ Str-2 Dex+2} (Okawaru gifted it to you on level 10 of the Dungeon)
 15140 | D:10     | Found a staircase to the Orcish Mines.
 15329 | Lair:1   | Entered Level 1 of the Lair of Beasts
 15549 | Lair:1   | Noticed an oklob plant
 15984 | Lair:1   | Received a gift from Okawaru
 17058 | Lair:2   | Reached skill level 11 in Short Blades
 17418 | Lair:2   | Received a gift from Okawaru
 17419 | Lair:2   | Found the +7 longbow "Piercer" {penet, EV-2}
 17436 | Lair:1   | Reached ****** piety under Okawaru
 17607 | Lair:2   | Reached XP level 12. HP: 57/72 MP: 15/15
 17999 | Lair:2   | Found a staircase to the Snake Pit.
 18368 | Lair:2   | Found a hazy altar of Hepliaklqana.
 18951 | Lair:3   | Noticed a six-headed hydra
 18963 | Lair:3   | Killed a six-headed hydra
 18963 | Lair:3   | Received a gift from Okawaru
 18963 | Lair:3   | Reached skill level 5 in Shields
 19558 | Lair:3   | Reached skill level 12 in Short Blades
 20325 | Lair:4   | Noticed a four-headed hydra
 20326 | Lair:4   | Found a staircase to the Swamp.
 20355 | Lair:4   | Killed a four-headed hydra
 20426 | Lair:4   | Noticed a six-headed hydra
 20431 | Lair:4   | Noticed Rupert
 20443 | Lair:4   | Found a dark tunnel.
 20452 | Volcano  | Entered a volcano
 21303 | Volcano  | Found a bloodstained altar of Trog.
 21352 | Volcano  | Received a gift from Okawaru
 21390 | Volcano  | Reached XP level 13. HP: 16/79 MP: 13/17
 21401 | Volcano  | Got a steaming broad axe {god gift}
 21402 | Volcano  | Identified the +6 broad axe of Utexom {flame, rElec rC+} (Okawaru gifted it to you in a volcano)
 21735 | Volcano  | Gained mutation: Your muscles are strong. (Str +2) [potion of mutation]
 21735 | Volcano  | Gained mutation: Your mind is acute. (Int +2) [potion of mutation]
 22775 | Lair:4   | Killed Rupert
 22775 | Lair:4   | Reached skill level 13 in Short Blades
 23147 | Lair:4   | Reached skill level 10 in Charms
 23851 | Lair:5   | Received a gift from Okawaru
 24408 | Lair:5   | Received a gift from Okawaru
 24411 | Lair:5   | Got an ancient cloak {god gift}
 24422 | Lair:5   | Identified the +0 cloak "Tan Juff" {MR+} (Okawaru gifted it to you on level 5 of the Lair of Beasts)
 24478 | Lair:5   | Found a staircase to the Slime Pits.
 24479 | Lair:5   | Found a viscous altar of Jiyva.
 24721 | Lair:5   | HP: 3/80 [death yak (15)]
 25378 | Lair:5   | Gained mutation: Your large and strong wings let you fly indefinitely. [Gargoyle growth]
 25378 | Lair:5   | Reached XP level 14. HP: 86/86 MP: 19/19
 25397 | Lair:6   | Entered Level 6 of the Lair of Beasts
 25409 | Lair:6   | Got a twisted robe
 26131 | Lair:6   | Reached skill level 14 in Short Blades
 26485 | Lair:6   | Learned a level 7 spell: Ring of Flames
 27111 | Lair:6   | Reached skill level 10 in Fighting
 27117 | Lair:6   | Received a gift from Okawaru
 27189 | Lair:6   | Identified the +2 robe of the Saviour {rElec Str+2 Dex+3} (You found it on level 6 of the Lair of Beasts)
 27826 | Lair:6   | HP: 3/88 [fire dragon/blast of flame (4)]
 27832 | Lair:6   | Killed from afar by a fire dragon

Vault maps used:
D:1:      dpeg_arrival_rhombi
D:2:      lemuel_round_altar, dancing_weapons_uskayaw,
          chequers_ecumenical_altar_lobes
D:3:      lemuel_round_altar
D:4:      zin_angel, lemuel_crystal_altar, serial_shops, shop, first_ration,
          uniq_robin
D:5:      kiku_gazebo_pond_becter, minmay_temple_entry_trees,
          portal_sewer_entry_b
D:7:      lemuel_crystal_altar
D:8:      lemuel_mausoleum_altar_yredelemnul, blue_anna_alchemist
D:9:      nicolae_ru_sacrificial_ziggurat, uniq_joseph
D:10:     due_lair_maze_entry_diamond, orc_0_dummy
Lair:1:   minmay_lair_oklob_bushes, beast_lair_carwin_9
Lair:2:   minmay_snake_entry_guardpost_large, lemuel_centaur_altar,
          infiniplex_staircase_pool
Lair:4:   minmay_swamp_entry_reptiles, enter_volcano_1, serial_bayou_ford_a,
          small_statue_intersection, lemuel_fruit_tree, uniq_rupert
Lair:5:   slime_altar_1, beast_lair_carwin_10
Lair:6:   hangedman_lair_tendril_chambers, guppyfry_lair_end_dragon
Sewer:    sewer_minmay_w
Volcano:  volcano_lake

Skill      XL: |  1  2  3  4  5  6  7  8  9 10 11 12 13 14 |
---------------+-------------------------------------------+-----
Short Blades   | 2 3 4 5 6 8 9 11 12 13 14 | 14.3
Charms         | 3 4 5 6 7 8 9 10 | 10.9
Dodging        | 2 |  2.0
Armour         | 2 3 4 5 6 8 9 |  9.5
Fighting       | 3 4 5 7 8 9 10 | 10.0
Shields        | 1 2 3 4 6 7 |  7.0
Invocations    | 1 3 4 5 6 7 |  7.2
Spellcasting   | |  2.0

Action                   |  1- 3 |  4- 6 |  7- 9 | 10-12 | 13-15 || total
-------------------------+-------+-------+-------+-------+-------++-------
Melee: Short sword       |   195 |   369 |   881 |       |   111 ||  1556
       Punch             |       |     2 |     5 |     4 |       ||    11
       Dagger            |       |       |   140 |   129 |    81 ||   350
       Rapier            |       |       |       |  1332 |   951 ||  2283
       Scimitar          |       |       |       |       |    16 ||    16
       Broad axe         |       |       |       |       |     9 ||     9
Throw: Tomahawk          |       |       |       |     4 |       ||     4
 Cast: Shroud of Golubri |       |     3 |    22 |    33 |     5 ||    63
       Regeneration      |       |       |    23 |    22 |     1 ||    46
       Song of Slaying   |       |       |    10 |    14 |     4 ||    28
       Spectral Weapon   |       |       |    13 |    10 |       ||    23
       Infusion          |       |       |     4 |     2 |       ||     6
Invok: Heroism           |       |     6 |    12 |     6 |     8 ||    32
       Finesse           |       |       |       |     1 |     3 ||     4
 Abil: Fly               |       |       |       |       |     1 ||     1
Evoke: Wand              |       |       |       |    12 |     1 ||    13
  Use: Potion            |       |     6 |     3 |     5 |    12 ||    26
       Scroll            |       |     9 |     5 |     8 |     7 ||    29
 Stab: Distracted        |       |       |     3 |     3 |       ||     6
  Eat: Chunk             |     1 |     8 |    22 |    24 |    14 ||    69
       Ration            |       |       |     4 |     6 |     3 ||    13
Armor: Leather armour    |    96 |   104 |   315 |       |       ||   515
       Ring mail         |       |       |   106 |   721 |   291 ||  1118
       Steam dragon scal |       |       |       |       |    22 ||    22
Dodge: Dodged            |   133 |   216 |   565 |   673 |   179 ||  1766
Block: Large shield      |       |       |   107 |   188 |   607 ||   902
       Rpst.: Scimitar   |       |       |       |       |     3 ||     3

Table legend:
 A = Spawn XP
 B = Non-spawn XP
 C = Spawn XP percentage of total XP
 D = Spawn monster count
 E = Non-spawn monster count
 F = Spawn count percentage of total count
 G = Total turns spent on level
                    A         B        C        D         E        F      G
               +---------+---------+-------+---------+---------+-------+---------
         Total |       0 |   68514 |   0.0 |       0 |     510 |   0.0 | 27832
               +---------+---------+-------+---------+---------+-------+---------
           D:1 |       0 |      51 |   0.0 |       0 |      32 |   0.0 |  1125
           D:2 |       0 |     229 |   0.0 |       0 |      35 |   0.0 |  1098
           D:3 |       0 |      56 |   0.0 |       0 |      14 |   0.0 |   665
           D:4 |       0 |     267 |   0.0 |       0 |      18 |   0.0 |  1082
           D:5 |       0 |    1216 |   0.0 |       0 |      35 |   0.0 |  2187
           D:6 |       0 |     624 |   0.0 |       0 |      16 |   0.0 |  1147
           D:7 |       0 |     868 |   0.0 |       0 |      14 |   0.0 |  1063
           D:8 |       0 |    2054 |   0.0 |       0 |      37 |   0.0 |  2442
           D:9 |       0 |    2991 |   0.0 |       0 |      23 |   0.0 |  1583
          D:10 |       0 |    3179 |   0.0 |       0 |      38 |   0.0 |  1368
        Lair:1 |       0 |    5684 |   0.0 |       0 |      26 |   0.0 |  2227
        Lair:2 |       0 |    4904 |   0.0 |       0 |      27 |   0.0 |  1690
        Lair:3 |       0 |    5019 |   0.0 |       0 |      21 |   0.0 |  1064
        Lair:4 |       0 |    8761 |   0.0 |       0 |      23 |   0.0 |  1774
        Lair:5 |       0 |   12737 |   0.0 |       0 |      32 |   0.0 |  1603
        Lair:6 |       0 |   14210 |   0.0 |       0 |      54 |   0.0 |  2391
         Sewer |       0 |     364 |   0.0 |       0 |      48 |   0.0 |  1569
       Volcano |       0 |    5300 |   0.0 |       0 |      17 |   0.0 |  1754
               +---------+---------+-------+---------+---------+-------+---------
